 Dungeon Crawl Stone Soup version 0.29-a0-334-gb41bcbb86e (webtiles) character file.

Game seed: 2039365975895666323

552 zishaf the Skirmisher (level 7, 0/59 HPs)
             Began as a Palentonga Abyssal Knight on Apr 15, 2022.
             Was an Elder of Lugonu.
             Slain by Dowan
             ... wielding a +0 dagger
              (3 damage)
             ... on level 4 of the Dungeon.
             The game lasted 00:08:49 (4696 turns).

zishaf the Skirmisher (Palentonga Abyssal Knight)   Turns: 4696, Time: 00:08:53

Health: 0/59       AC: 15    Str: 16    XL:     7   Next: 8%
Magic:  6/10       EV:  9    Int: 10    God:    Lugonu [****..]
Gold:   348        SH:  0    Dex: 13    Spells: 6/6 levels left

rFire   . . .      SeeInvis +   d - +3 falchion (holy)
rCold   . . .      Faith    .   (no shield)
rNeg    . . .      Spirit   .   b - +0 leather armour
rPois   .          Reflect  .   r - +0 helmet
rElec   .          Harm     .   (no cloak)
rCorr   .          Rampage  .   l - +2 pair of gloves
Will    .....                   (no barding)
Stlth   +.........              (no amulet)
HPRegen 0.19/turn               (no ring)
MPRegen 0.12/turn               (no ring)

@: lit by a corona, glowing, curled up
A: large, rugged brown scales 3, see invisible, deformed body, roll 1, armoured
tail, reflexive curl
a: Rolling Charge, Renounce Religion, Depart the Abyss, Bend Space, Banish,
Corrupt


You were on level 4 of the Dungeon.
You worshipped Lugonu.
Lugonu was greatly pleased with you.
You visited 1 branch of the dungeon, and saw 4 of its levels.
You visited the Abyss 1 time.
You also visited: Ossuary.

You collected 348 gold pieces.

Inventory:

Hand Weapons
 a - a +0 long sword
 d - a +3 falchion of holy wrath (weapon)
 o - a +1 falchion
Armour
 b - a +0 leather armour (worn)
 l - a +2 pair of gloves (worn)
 r - a +0 helmet (worn)
Scrolls
 f - a scroll of fear
 h - a scroll of blinking
 i - a scroll of teleportation
 j - a scroll of identify
 k - a scroll of fog
 s - a scroll of magic mapping
Potions
 c - 4 potions of curing
 e - a potion of berserk rage {unknown}
 g - 3 potions of cancellation
 m - 3 potions of ambrosia
 p - 4 potions of haste
 q - 2 potions of flight {unknown}
 t - a potion of might {unknown}
 u - 2 potions of mutation {unknown}


   Skills:
 + Level 5.2 Fighting
 + Level 4.7 Long Blades
 - Level 1.5 Armour
 - Level 0.7 Dodging
 + Level 5.1 Invocations


You had 6 spell levels left.
You didn't know any spells.
Your spell library was empty.

Dungeon Overview and Level Annotations

Branches:
Dungeon (4/15)            Ossuary (visited)
 Temple: D:4-7

Altars:

Shops:
D:1 [   D:4 [

Annotations:
D:4 Dowan, Duvessa


Innate Abilities, Weirdness & Mutations

You are completely covered in rugged brown scales. (AC +3, +7% HP)
You have supernaturally acute eyesight. (SInv)
Armour fits poorly on your strangely shaped body.
You can roll at nearby foes to attack.
You have a long armoured tail.
You curl defensively after being hit. (AC +7*)


Message History

You hit Duvessa.
Duvessa is almost dead.
Dowan hits you but does no damage. Duvessa hits you with a +0 rapier.
You barely miss Duvessa.
You tail-slap Duvessa, but do no damage.
Duvessa is almost dead.
Dowan barely misses you. Duvessa hits you with a +0 rapier.
You hit Duvessa.
Duvessa is almost dead.
Dowan completely misses you. Duvessa hits you with a +0 rapier.
You hit Duvessa but do no damage.
Duvessa is almost dead.
Dowan hits you but does no damage. Duvessa hits you with a +0 rapier.
Dowan casts a spell at you. The puff of frost hits you.
You barely miss Duvessa.
Duvessa is almost dead.
Duvessa barely misses you.
Dowan casts a spell at Duvessa.
Duvessa seems to speed up.
You hit Duvessa but do no damage.
Duvessa is almost dead.
Duvessa hits you with a +0 rapier!
* * * LOW HITPOINT WARNING * * *
Duvessa says, "Where magic fails, the sword succeeds!"
Duvessa hits you with a +0 rapier!
* * * LOW HITPOINT WARNING * * *
Dowan hits you but does no damage.
Press: ? - help, Shift-Dir - straight line, f - Duvessa, p - Dowan
Aim: Duvessa, wielding a +0 rapier and wearing a +0 ring mail (almost dead, fast, chance to affect: 68%) Duvessa struggles to resist.
Duvessa hits you with a +0 rapier.
* * * LOW HITPOINT WARNING * * *
Dowan hits you but does no damage.
Unknown command.
Press: ? - help, Shift-Dir - straight line, f/p - Duvessa
Aim: Duvessa, wielding a +0 rapier and wearing a +0 ring mail (almost dead, fast, chance to affect: 68%)
You fail to use your ability.
Duvessa hits you but does no damage.
Duvessa says, "Where magic fails, the sword succeeds!"
Duvessa barely misses you. Dowan hits you with a +0 dagger.
You die...

****** *#....####.........
*,**,** **#.....,**##........
**,*,,,** #*,......*#.###.......
*,,,,,,,###.,,#...,............#
*,,,,,,,.....##.#*,...##.....#..
**,*,,,,.....#..#**.....>......*
*****,*........###...^...,#.,,*
***,,#...............,*#.##
*,,,#...e@...........#....
*,......#e........##......
**.....,##.#......##...#,*
*#...,,*###..##..#....##*
*...,,,* #............##
*##,,.#####.#.#.....##.##
*,,,...[............#...#
*,,,........#......).....
**,,...##.###.......#....


You could see Duvessa (fast) and Dowan.

Vanquished Creatures
  An ogre (D:4)
  3 centaur zombies (Ossuary)
  A human zombie (Ossuary)
  A hound (D:3)
  An orc wizard (D:3)
  6 mummies (Ossuary)
  Robin (D:3)
  3 gnolls
  5 adders
  A worm (D:2)
  8 orcs
  9 ball pythons
  9 endoplasms
  8 giant cockroaches
  6 hobgoblins
  3 jackals (D:4)
  4 quokkas
  8 bats
  A frilled lizard (D:2)
  14 goblins
  2 goblin zombies (Ossuary)
  5 kobolds
  A kobold zombie (Ossuary)
  An orc zombie (Ossuary)
  7 rats
109 creatures vanquished.

Vanquished Creatures (others)
  2 demonic plants (D:1)
  6 fungi (D:1)
  9 plants (D:1)
  2 withered plants (D:1)
19 creatures vanquished.

Grand Total: 128 creatures vanquished

Notes
Turn   | Place    | Note
-------+----------+-------------------------------------------
     0 | Abyss:1  | zishaf the Palentonga Abyssal Knight began the quest for
                  | the Orb.
     0 | Abyss:1  | Reached XP level 1. HP: 19/19 MP: 2/2
    27 | D:1      | Escaped the Abyss
    51 | D:1      | Found Vaytith's Antique Armour Shoppe.
   100 | D:1      | Found a faded altar of an unknown god.
   290 | D:1      | Reached XP level 2. HP: 25/25 MP: 3/3
  1063 | D:2      | Reached XP level 3. HP: 21/31 MP: 3/5
  1382 | D:2      | Reached *** piety under Lugonu
  1460 | D:2      | Reached XP level 4. HP: 27/39 MP: 6/6
  2549 | D:3      | Reached XP level 5. HP: 32/44 MP: 7/7
  2913 | D:4      | Noticed Robin
  2922 | D:3      | HP: 1/44 [Robin/+2 falchion of holy wrath (5)]
  2925 | D:3      | Killed Robin
  3233 | D:4      | Found a sand-covered staircase.
  3238 | Ossuary  | Entered an ossuary
  3408 | Ossuary  | Reached XP level 6. HP: 42/52 MP: 9/9
  3755 | D:3      | Reached **** piety under Lugonu
  4094 | D:4      | Noticed Dowan
  4095 | D:4      | Noticed Duvessa
  4387 | D:4      | Reached skill level 5 in Fighting
  4470 | D:4      | Reached skill level 5 in Invocations
  4470 | D:4      | Gained mutation: You curl defensively after being hit. (AC
                  | +7*) [Palentonga growth]
  4470 | D:4      | Reached XP level 7. HP: 59/59 MP: 10/10
  4470 | D:4      | Found Ofian's Armour Shop.
  4696 | D:4      | Slain by Dowan

Illustrated notes

Levels and vault maps discovered:
D:1:      minmay_arrival_stair_chambers, layout_loops_ring, serial_shops,
          nicolae_shop_stone, shapermc_ecumenical_altar_gd,
          chequers_serial_rivers_large_b
D:2:      minmay_door_path, layout_basic
D:3:      layout_rooms, hangedman_decor_growths
D:4:      layout_cave_pools, serial_shops, shop_statue, enter_ossuary_2,
          uniq_robin, uniq_duvessa

Skill      XL: |  1  2  3  4  5  6 |
---------------+-------------------+-----
Invocations    | 3 4 5 |  5.1
Long Blades    | 3 4 |  4.7
Fighting       | 4 5 |  5.2
Armour         | |  1.5
Dodging        | |  0.7

Action                   |  1- 3 |  4- 6 |  7- 9 || total
-------------------------+-------+-------+-------++-------
Melee: Falchion          |    84 |   154 |    40 ||   278
       Tailslap          |     4 |    23 |     6 ||    33
       Long sword        |       |    27 |       ||    27
       Punch             |       |     1 |       ||     1
Invok: Banish            |       |       |     1 ||     1
 Abil: Rolling Charge    |    18 |    19 |     5 ||    42
  Use: Scroll            |       |    10 |     1 ||    11
Armor: Leather armour    |    35 |   110 |    16 ||   161
Dodge: Dodged            |    39 |   110 |    19 ||   168

Table legend: (Time is in decaauts)
 A = Elapsed time spent in this place.
 B = Non-inter-level travel time spent in this place.
 C = Inter-level travel time spent in this place.
 D = Time resting spent in this place.
 E = Time spent auto-exploring this place.
 F = Levels seen in this place.
 G = Mean time per level.
                   A        B        C        D        E       F      G
               +--------+--------+--------+--------+--------+-----+--------+
         Total |   4770 |   4579 |    191 |    786 |   2838 |   6 |  795.0 |
       Dungeon |   4252 |   4061 |    191 |    676 |   2625 |   4 | 1063.0 |
         Abyss |     27 |     27 |      0 |      0 |      0 |   1 |   27.0 |
       Ossuary |    490 |    490 |      0 |    110 |    213 |   1 |  490.0 |
               +--------+--------+--------+--------+--------+-----+--------+

Top non-repeatable levels by time:
     D:3: 1259 daAuts
     D:2: 1242 daAuts
     D:1: 1124 daAuts
     D:4: 625 daAuts
 Ossuary: 490 daAuts
 Abyss:1: 27 daAuts
